 Dungeon Crawl Stone Soup version 0.31-a0-806-g0bc164a743 (webtiles) character file.

Game seed: 15087433745709370248

42 javelincjr the Insei (level 3, -1/27 HPs)
             Began as a Human Shapeshifter on Sept 20, 2023.
             Slain by a cerulean imp
             ... wielding a +2 spear
             ... summoned by Natasha
              (3 damage)
             ... on level 2 of the Dungeon.
             The game lasted 00:02:08 (1163 turns).

javelincjr the Insei (Human Shapeshifter)           Turns: 1163, Time: 00:02:09

Health: -1/27      AC:  2    Str: 14    XL:     3   Next: 77%
Magic:  3/3        EV: 12    Int: 10    God:
Gold:   58         SH:  0    Dex: 14    Spells: 2/2 levels left

rFire   . .          .
                       - Unarmed
rCold   . . .        (no shield)
rNeg    + . .        a - +0 animal skin
rPois   .            (helmet currently unavailable)
rElec   .            (cloak currently unavailable)
rCorr   .            (gloves currently unavailable)
SInv    .            (boots currently unavailable)
Will    .....        (no amulet)
Stlth   +            n - ring of positive energy
HPRegen 0.24/turn    (no ring)
MPRegen 0.08/turn

%: no passive effects
@: beast-form, slowed, very slow
A: beast (slay +1)
a: Begin Untransformation


You were on level 2 of the Dungeon.
You were a hulking beast.
You visited 1 branch of the dungeon, and saw 2 of its levels.

You collected 58 gold pieces.

Inventory:

Armour
 a - a +0 animal skin (worn)
 f - a +0 helmet
Jewellery
 n - a ring of positive energy (left hand)
Talismans
 c - a beast talisman (active)
 d - a flux talisman
Scrolls
 h - a scroll of blinking {unknown}
 i - a scroll of brand weapon {unknown}
 j - a scroll of fog {unknown}
 k - a scroll of identify {unknown}
 l - a scroll of silence {unknown}
 o - a scroll of noise {unknown}
Potions
 b - a potion of lignification
 e - a potion of haste {unknown}
 g - a potion of attraction {unknown}
 m - a potion of mutation {unknown}
 p - a potion of heal wounds {unknown}


   Skills:
 + Level 1.8 Fighting
 + Level 2.5 Dodging
 + Level 3.4 Unarmed Combat
 + Level 3.3 Shapeshifting


You had 2 spell levels left.
You didn't know any spells.
Your spell library was empty.

Dungeon Overview and Level Annotations

Branches:
Dungeon (2/15)

Altars:

Annotations:
D:2 Natasha


Message History

Found 5 stones.
Found a stone staircase leading down.
There is a stone staircase leading down here.
A ball python comes into view.
The ball python hisses angrily.
You hear an angry hiss.
Natasha, Servant of Life and Death comes into view.
Natasha casts a spell.
A quokka comes into view.
A frilled lizard comes into view.
The ball python bites you. The ball python barely misses you.
The frilled lizard hisses angrily.
You hit the ball python.
You kill the ball python!
The cerulean imp shouts!
You see here a ball python corpse.
You hit the frilled lizard.
You kill the frilled lizard!
Natasha stares at you and mumbles some strange words.
You feel yourself slow down. The quokka completely misses you.
Natasha claws you! The cerulean imp closely misses you. The quokka bites you.
You see here a frilled lizard corpse.
You hit Natasha but do no damage. Natasha claws you.
The cerulean imp barely misses you.
The quokka bites you but does no damage.
Natasha claws you.
* * * LOW HITPOINT WARNING * * *
The cerulean imp closely misses you. The quokka bites you.
* * * LOW HITPOINT WARNING * * *
You see here a ball python corpse.
You hit the quokka.
The quokka is moderately wounded.
The quokka bites you.
* * * LOW HITPOINT WARNING * * *
The cerulean imp hits you but does no damage.
The quokka bites you.
* * * LOW HITPOINT WARNING * * *
You barely miss the quokka.
The quokka is moderately wounded.
The cerulean imp hits you from afar with a +2 spear.
You die...

#..####### #........#
#.......# #......#
#......## #.......#
#....h5.# #r# ####h####
########..#.#..##
##..........>....## .#
#..####....#..##..# .# #
##.## #.##.##.###.## ..
####..# ###.##))....#..###
.#
.#...####...........##..>##
.# ...###
#..####......####..##.#
.#...###..# #......#
##....##


You could see Natasha, a cerulean imp (summoned) and a quokka.

Vanquished Creatures
  2 adders (D:2)
  5 ball pythons
  2 endoplasms (D:1)
  A giant cockroach (D:2)
  2 goblins
  A quokka (D:1)
  3 bats
  4 frilled lizards
  5 kobolds
  A rat (D:1)
26 creatures vanquished.

Notes
Turn   | Place    | Note
-------+----------+-------------------------------------------
     0 | D:1      | javelincjr the Human Shapeshifter began the quest for the
                  | Orb.
     0 | D:1      | Reached XP level 1. HP: 15/15 MP: 1/1
   126 | D:1      | Reached XP level 2. HP: 19/21 MP: 2/2
   957 | D:2      | Reached XP level 3. HP: 26/26 MP: 3/3
  1154 | D:2      | Noticed Natasha
  1163 | D:2      | Slain by a cerulean imp

Illustrated notes

Levels and vault maps discovered:
D:1:      heliophobic_arrival_dark_side_of_the_moon, layout_basic
D:2:      layout_rooms, serial_shops, shop, grunt_decor_resistance, uniq_natasha

Action                     || total
---------------------------++-------
  Melee: Unarmed           ||    62
   Stab: Distracted        ||     1
 Armour: Animal skin       ||    38
  Dodge: Dodged            ||    48

Table legend: (Time is in decaauts)
 A = Elapsed time spent in this place.
 B = Non-inter-level travel time spent in this place.
 C = Inter-level travel time spent in this place.
 D = Time resting spent in this place.
 E = Time spent auto-exploring this place.
 F = Levels seen in this place.
 G = Mean time per level.
                   A        B        C        D        E       F      G
               +--------+--------+--------+--------+--------+-----+--------+
         Total |   1160 |   1146 |     14 |      0 |    974 |   2 |  580.0 |
       Dungeon |   1160 |   1146 |     14 |      0 |    974 |   2 |  580.0 |
               +--------+--------+--------+--------+--------+-----+--------+

Top non-repeatable levels by time:
     D:1: 936 daAuts
     D:2: 224 daAuts
